 Dungeon Crawl Stone Soup version 0.29.0-4-gdea44cf6ec (webtiles) character file.

Game seed: 9435534016769832316

2111 qw the Cleaver (level 9, -5/56 HPs)
             Began as a Gargoyle Delver on Sept 10, 2022.
             Slain by Maggie
             ... wielding a +0 long sword
              (9 damage)
             ... on level 6 of the Dungeon.
             The game lasted 00:02:17 (6349 turns).

qw the Cleaver (Gargoyle Delver)                    Turns: 6349, Time: 00:02:18

Health: -5/56      AC: 17    Str: 19    XL:     9   Next: 28%
Magic:  9/9        EV:  8    Int: 12    God:
Gold:   264        SH:  5    Dex: 11    Spells: 8/8 levels left

rFire   . . .      SeeInvis .   k - +5 hand axe
rCold   . . .      Faith    .   (no shield)
rNeg    + . .      Spirit   .   e - +0 chain mail
rPois   inf        Reflect  +   (no helmet)
rElec   +          Harm     .   (no cloak)
rCorr   .          Rampage  .   d - +0 pair of gloves
Will    .....                   (no boots)
Stlth   ..........              b - amulet of reflection
HPRegen 0.18/turn               (no ring)
MPRegen 0.11/turn               (no ring)

@: no status effects
A: sickness immunity, AC +6, negative energy resistance 1, electricity
resistance, torment resistance 1, petrification resistance
a: no special abilities


You were on level 6 of the Dungeon.
You visited 2 branches of the dungeon, and saw 7 of its levels.

You collected 264 gold pieces.


Innate Abilities, Weirdness & Mutations

You are immune to sickness and miasma.
Your stone body is resilient. (AC +6)
You are immune to poison.
You resist negative energy. (rN+)
You are resistant to electric shocks. (rElec)
You are resistant to unholy torment.
You are immune to petrification.


   Skills:
 + Level 6.8 Fighting
 - Level 9.0 Axes
 - Level 1.8 Throwing
 - Level 4.1 Armour
 - Level 1.5 Dodging
 - Level 5.4 Stealth


You had 8 spell levels left.
You didn't know any spells.
Your spell library was empty.

Inventory:

Hand Weapons
 k - a +5 hand axe (weapon)
 m - a +0 flail
Armour
 d - a +0 pair of gloves (worn)
 e - a +0 chain mail (worn)
Jewellery
 b - an amulet of reflection (around neck)
Wands
 g - a wand of digging (3)
Scrolls
 a - a scroll of poison {unknown}
 l - 2 scrolls of identify
Potions
 c - 3 potions of curing
 f - 2 potions of haste
 i - a potion of mutation {unknown}

Dungeon Overview and Level Annotations

Branches:
Dungeon (6/15)             Temple (1/1) D:4

Altars:
Ashenzari
Cheibriados
Fedhas
Gozag
Hepliaklqana
Makhleb
Vehumet
Xom
Yredelemnul
Lugonu

Annotations:
D:6 Maggie


Message History

Maggie hits you with a +0 long sword!
You slash Maggie!
Maggie is moderately wounded.
You slash Maggie!
Maggie is heavily wounded.
Maggie hits you with a +0 long sword.
You hit Maggie.
Maggie is heavily wounded.
Maggie closely misses you.
You closely miss Maggie.
Maggie is heavily wounded.
Maggie hits you but does no damage.
You barely miss Maggie.
Maggie is heavily wounded.
Maggie hits you but does no damage.
You hit Maggie.
Maggie is heavily wounded.
Maggie hits you but does no damage.
You barely miss Maggie.
Maggie is heavily wounded.
Maggie points at you and mumbles some strange words.
The bolt of fire hits you!
You hit Maggie.
Maggie is heavily wounded.
You hit Maggie.
Maggie is severely wounded.
You block Maggie's attack.
You hit Maggie.
Maggie is severely wounded.
Maggie hits you but does no damage.
You hit Maggie.
Maggie is severely wounded.
Maggie hits you but does no damage.
You hit Maggie but do no damage.
Maggie is severely wounded.
You block Maggie's attack.
You hit Maggie.
Maggie is severely wounded.
Maggie hits you with a +0 long sword!
You die...

# ..# #.###.###. # #.#
#.##>..##. #.# #.##...##.
#.# #.##...##. # #.#
#.###.###. #
####.####..>.).... # #+
#.......#####.#### # ...
#@#####.##........ ..o. #@#
#.##.##%###. ..... #.#
#.##.##.##.. ...o.)####)#
#.##.##.#...
......'..).#####...........
^.....####.......##.####...
# ..).. ##.###.###.#####..
# .... ######.###........ #
... #.....#.########.# #+#
#.####.## #.#


You could see Maggie.

Vanquished Creatures
  Pikel (D:4)
  Sigmund (D:4)
  2 black bears
  An orc warrior (D:6)
  2 ogres
  A centaur (D:6)
  2 necrophages
  A bullfrog (D:6)
  5 scorpions
  A howler monkey (D:6)
  A vampire bat (D:3)
  2 hounds (D:5)
  2 jellies (D:5)
  3 iguanas
  2 orc wizards (D:6)
  4 gnolls (D:5)
  3 adders
  A white imp (D:6)
  A worm (D:4)
  3 dart slugs
  9 orcs
  9 ball pythons
  10 bats
  6 endoplasms
  3 giant cockroaches
  6 goblins
  2 hobgoblins
  16 jackals
  4 quokkas
  4 frilled lizards (D:3)
  4 kobolds
  6 rats
118 creatures vanquished.

Vanquished Creatures (others)
  9 plants (D:4)
9 creatures vanquished.

Grand Total: 127 creatures vanquished

Notes
Turn   | Place    | Note
-------+----------+-------------------------------------------
     0 | D:5      | qw the Gargoyle Delver began the quest for the Orb.
     0 | D:5      | Reached XP level 1. HP: 14/14 MP: 1/1
     0 | D:5      | 0 ||| qw: Version: 0.1-a-116-g5d60599
     0 | D:5      | 0 ||| qw: Game counter: 8170
     0 | D:5      | 0 ||| qw: Always use a shield: true
     0 | D:5      | 0 ||| qw: God list: Okawaru
     0 | D:5      | 0 ||| qw: Allow faded altars: false
     0 | D:5      | 0 ||| qw: Do Orc after D:15 true
     0 | D:5      | 0 ||| qw: Do second Lair branch before Depths: true
     0 | D:5      | 0 ||| qw: Lair rune preference: random
     0 | D:5      | 0 ||| qw: Plans: Normal
     0 | D:5      | 0 ||| PLANNING D:1-11
     0 | D:5      | 0 ||| DROPPING scroll of fog.
     1 | D:5      | 1 ||| DROPPING scroll of magic mapping.
     2 | D:5      | 2 ||| DROPPING scroll of fear.
    40 | D:3      | 40 ||| Stepping ~*~*~tactically~*~*~ (stealth).
    41 | D:3      | 41 ||| Stepping ~*~*~tactically~*~*~ (stealth).
    42 | D:3      | 42 ||| Stepping ~*~*~tactically~*~*~ (stealth).
    52 | D:3      | 52 ||| Stepping ~*~*~tactically~*~*~ (stealth).
    53 | D:3      | 53 ||| Stepping ~*~*~tactically~*~*~ (stealth).
    54 | D:3      | 54 ||| Stepping ~*~*~tactically~*~*~ (stealth).
    56 | D:3      | 56 ||| Stepping ~*~*~tactically~*~*~ (stealth).
    62 | D:3      | Reached skill level 2 in Axes
    74 | D:3      | 74 ||| Stepping ~*~*~tactically~*~*~ (stealth).
    75 | D:3      | 75 ||| Stepping ~*~*~tactically~*~*~ (stealth).
    76 | D:3      | 76 ||| Stepping ~*~*~tactically~*~*~ (stealth).
    77 | D:3      | 77 ||| Stepping ~*~*~tactically~*~*~ (stealth).
   130 | D:3      | 130 ||| FLEEEEING.
   131 | D:3      | 131 ||| STAIRDANCE
   145 | D:2      | Reached XP level 2. HP: 14/19 MP: 2/2
   259 | D:2      | 259 ||| Stepping ~*~*~tactically~*~*~ (stealth).
   263 | D:2      | 263 ||| Stepping ~*~*~tactically~*~*~ (stealth).
   422 | D:2      | Reached skill level 3 in Axes
   422 | D:2      | Reached XP level 3. HP: 11/23 MP: 3/3
   488 | D:2      | 488 ||| Stepping ~*~*~tactically~*~*~ (stealth).
   567 | D:2      | 567 ||| Stepping ~*~*~tactically~*~*~ (stealth).
   601 | D:2      | 601 ||| READING scroll labelled ZIHUINKINT.
   602 | D:2      | 602 ||| READING scroll labelled VIAZEOSHED.
   603 | D:2      | 603 ||| DRINKING 2 lumpy blue potions.
   787 | D:1      | 787 ||| Stepping ~*~*~tactically~*~*~ (stealth).
  1022 | D:1      | Found a faded altar of an unknown god.
  1199 | D:1      | 1199 ||| Stepping ~*~*~tactically~*~*~ (hiding).
  1209 | D:1      | 1209 ||| Stepping ~*~*~tactically~*~*~ (hiding).
  1569 | D:1      | 1569 ||| UPGRADING to +0 chain mail.
  1579 | D:1      | 1579 ||| DROPPING +0 leather armour.
  1580 | D:1      | 1580 ||| DRINKING 2 fuming yellow potions.
  1581 | D:1      | 1581 ||| READING 2 scrolls of identify.
  1581 | D:1      | 1581 ||| IDENTIFYING viscous silvery potion
  1582 | D:1      | 1582 ||| DROPPING potion of degeneration.
  1583 | D:1      | 1583 ||| DROPPING potion of magic.
  1715 | D:2      | Found a shimmering altar of Xom.
  1759 | D:2      | Reached skill level 1 in Armour
  1759 | D:2      | Reached XP level 4. HP: 28/28 MP: 4/4
  1967 | D:2      | 1967 ||| DROPPING amulet of faith.
  1968 | D:2      | 1968 ||| READING scroll labelled DUHAQA ZAOHI.
  1968 | D:2      | Identified a scroll of acquirement
  1968 | D:2      | 1968 ||| ACQUIRING amulet of reflection
  1968 | D:2      | Acquired an amulet of reflection
  1970 | D:2      | 1970 ||| UPGRADING to amulet of reflection.
  2037 | D:3      | 2037 ||| STAIRDANCE
  2084 | D:3      | Reached skill level 1 in Throwing
  2410 | D:3      | 2410 ||| Stepping ~*~*~tactically~*~*~ (stealth).
  2430 | D:3      | 2430 ||| DROPPING +0 club.
  2466 | D:3      | Reached XP level 5. HP: 29/32 MP: 5/5
  2768 | D:3      | Reached skill level 4 in Axes
  2794 | D:3      | 2794 ||| DROPPING ring of magical power.
  2795 | D:3      | 2795 ||| READING 2 scrolls labelled HOACLUKKUNGI.
  2796 | D:3      | 2796 ||| READING 4 scrolls labelled JATOHICURHO.
  2797 | D:3      | 2797 ||| DROPPING +0 whip.
  2798 | D:3      | 2798 ||| READING 3 scrolls of brand weapon.
  2798 | D:3      | 2798 ||| BRANDING +0 hand axe of flaming.
  2799 | D:3      | 2799 ||| READING 2 scrolls of brand weapon.
  2799 | D:3      | 2799 ||| BRANDING +0 hand axe of draining.
  2800 | D:3      | 2800 ||| READING scroll of brand weapon.
  2800 | D:3      | 2800 ||| BRANDING +0 hand axe of protection.
  2812 | D:3      | 2812 ||| DRINKING 2 viscous black potions.
  2851 | D:3      | 2851 ||| READING 3 scrolls of identify.
  2851 | D:3      | 2851 ||| IDENTIFYING metallic yellow potion
  2852 | D:3      | 2852 ||| READING 2 scrolls of identify.
  2852 | D:3      | 2852 ||| IDENTIFYING lumpy red potion
  2853 | D:3      | 2853 ||| DROPPING potion of lignification.
  2854 | D:3      | 2854 ||| DROPPING potion of invisibility.
  2855 | D:3      | 2855 ||| DROPPING scroll of amnesia.
  2886 | D:4      | Found a hazy altar of Hepliaklqana.
  3007 | D:4      | Reached skill level 3 in Armour
  3087 | D:4      | Noticed a black bear
  3103 | D:4      | HP: 7/32 [black bear (10)]
  3104 | D:4      | 3104 ||| DRINKING 2 potions of heal wounds.
  3108 | D:4      | Killed a black bear
  3109 | D:4      | Reached XP level 6. HP: 27/37 MP: 6/6
  3307 | D:4      | Noticed Sigmund
  3323 | D:4      | Killed Sigmund
  3324 | D:4      | Reached skill level 5 in Axes
  3324 | D:4      | Reached XP level 7. HP: 27/41 MP: 7/7
  3634 | D:4      | Found a staircase to the Ecumenical Temple.
  3635 | D:4      | 3635 ||| PLANNING TEMPLE
  3635 | D:4      | 3635 ||| READING scroll labelled DEIFIU REUKAX.
  3636 | D:4      | 3636 ||| READING scroll labelled YLLABA HUVEF.
  3643 | Temple   | Entered the Ecumenical Temple
  3700 | Temple   | 3700 ||| PLANNING D:1-11
  3736 | D:4      | Noticed Pikel
  3748 | D:4      | 3748 ||| Stepping ~*~*~tactically~*~*~ (stealth).
  3752 | D:4      | 3752 ||| Stepping ~*~*~tactically~*~*~ (stealth).
  3763 | D:4      | HP: 10/43 [Pikel/+2 whip of flaming (1)]
  3764 | D:4      | 3764 ||| DRINKING potion of heal wounds.
  3765 | D:4      | Killed Pikel
  3766 | D:4      | Reached skill level 7 in Axes
  3766 | D:4      | Reached XP level 8. HP: 29/48 MP: 8/8
  3882 | D:4      | 3882 ||| DROPPING +0 whip.
  4337 | D:4      | 4337 ||| UPGRADING to +0 pair of gloves.
  4342 | D:4      | 4342 ||| READING 2 scrolls of identify.
  4342 | D:4      | 4342 ||| IDENTIFYING bubbling coppery potion
  4343 | D:4      | 4343 ||| DROPPING potion of flight.
  4644 | D:5      | 4644 ||| Stepping ~*~*~tactically~*~*~ (stealth).
  4645 | D:5      | 4645 ||| Stepping ~*~*~tactically~*~*~ (stealth).
  4768 | D:5      | Reached skill level 8 in Axes
  4953 | D:5      | 4953 ||| Stepping ~*~*~tactically~*~*~ (stealth).
  4956 | D:5      | 4956 ||| Stepping ~*~*~tactically~*~*~ (stealth).
  4958 | D:5      | 4958 ||| Stepping ~*~*~tactically~*~*~ (hiding).
  4964 | D:5      | Reached skill level 6 in Fighting
  5054 | D:5      | 5054 ||| DROPPING +2 whip of flaming.
  5117 | D:5      | Found a blossoming altar of Fedhas.
  5427 | D:5      | 5427 ||| DROPPING ring of wizardry.
  5428 | D:5      | 5428 ||| READING 2 scrolls labelled XEAKUHENLI.
  5431 | D:5      | 5431 ||| DRINKING 2 yellow potions.
  5432 | D:5      | 5432 ||| DROPPING potion of brilliance.
  5464 | D:6      | 5464 ||| STAIRDANCE
  5592 | D:6      | Reached XP level 9. HP: 47/55 MP: 9/9
  5686 | D:6      | 5686 ||| Stepping ~*~*~tactically~*~*~ (stealth).
  5698 | D:6      | 5698 ||| Stepping ~*~*~tactically~*~*~ (stealth).
  5711 | D:6      | 5711 ||| Stepping ~*~*~tactically~*~*~ (stealth).
  5900 | D:6      | 5900 ||| Stepping ~*~*~tactically~*~*~ (stealth).
  5995 | D:6      | 5995 ||| Stepping ~*~*~tactically~*~*~ (hiding).
  6010 | D:6      | Reached skill level 9 in Axes
  6048 | D:6      | 6048 ||| SWAPPING to +5 hand axe.
  6049 | D:6      | 6049 ||| DROPPING +0 hand axe of freezing.
  6070 | D:6      | Noticed Maggie
  6087 | D:6      | HP: 11/55 [Maggie/bolt of fire (16)]
  6088 | D:6      | 6088 ||| READING scroll of teleportation.
  6089 | D:6      | 6089 ||| DRINKING 2 potions of heal wounds.
  6091 | D:6      | 6091 ||| DRINKING potion of heal wounds.
  6229 | D:6      | 6229 ||| Stepping ~*~*~tactically~*~*~ (hiding).
  6231 | D:6      | 6231 ||| Stepping ~*~*~tactically~*~*~ (hiding).
  6232 | D:6      | 6232 ||| Stepping ~*~*~tactically~*~*~ (hiding).
  6235 | D:6      | 6235 ||| Stepping ~*~*~tactically~*~*~ (hiding).
  6338 | D:6      | HP: 11/56 [Maggie/+0 long sword (6)]
  6343 | D:6      | HP: 3/56 [Maggie/bolt of fire (9)]
  6349 | D:6      | Slain by Maggie

Levels and vault maps discovered:
D:1:      dpeg_arrival_three_same_balls, layout_loops_ring,
          basic_ecumenical_altar
D:2:      layout_basic, basic_altar
D:3:      layout_loops_ring, minmay_hedge_maze, roderic_batcave,
          minmay_randomly_rotated_circles
D:4:      layout_loops_ring, nicolae_hepliaklqana_hazy_memory,
          minmay_temple_entry_purple_smoke,
          hangedman_abyss_or_decor_jellyfish_corner, uniq_pikel, uniq_sigmund
D:5:      layout_cave_pools, fedhas_altar_1
D:6:      layout_loops_corners, gammafunk_temple_overflow_pools, uniq_maggie
Temple:   kb_corrupted_temple

Skill      XL: |  1  2  3  4  5  6  7  8  9 |
---------------+----------------------------+-----
Axes           | 2 3 4 5 7 8 9 |  9.0
Armour         | 1 3 4 |  4.1
Throwing       | 1 |  1.8
Fighting       | 4 6 |  6.8
Dodging        | |  1.5
Stealth        | |  5.4

Action                   |  1- 3 |  4- 6 |  7- 9 || total
-------------------------+-------+-------+-------++-------
Melee: Hand axe          |    91 |   142 |   279 ||   512
       Punch             |     1 |     1 |     4 ||     6
Throw: Javelin           |     4 |    18 |     2 ||    24
  Use: Scroll            |     3 |     8 |     5 ||    16
       Potion            |     2 |     2 |     4 ||     8
 Stab: Sleeping          |     1 |       |       ||     1
Armor: Leather armour    |    27 |       |       ||    27
       Chain mail        |     2 |   109 |   129 ||   240
Dodge: Dodged            |    55 |    58 |    79 ||   192
Block: Other             |       |    39 |    47 ||    86
       Reflection        |       |       |     2 ||     2

Table legend:
 A = Non-vault XP
 B = Vault XP
 C = Vault XP percentage of total XP
 D = Non-vault monster count
 E = Vault monster count
 F = Vault count percentage of total count
                 A         B        C        D         E       F
            +---------+---------+-------+---------+---------+-------
      Total |    2094 |     922 |  30.6 |     102 |      16 |  13.6
            +---------+---------+-------+---------+---------+-------
        D:1 |      32 |       0 |   0.0 |      17 |       0 |   0.0
        D:2 |      52 |       0 |   0.0 |      17 |       0 |   0.0
        D:3 |      31 |      74 |  70.5 |      13 |      14 |  51.9
        D:4 |     373 |     848 |  69.5 |      16 |       2 |  11.1
        D:5 |     744 |       0 |   0.0 |      22 |       0 |   0.0
        D:6 |     862 |       0 |   0.0 |      17 |       0 |   0.0
            +---------+---------+-------+---------+---------+-------
